 Dungeon Crawl Stone Soup version 0.28.0-43-g3370ac3207 (webtiles) character file.

Game seed: 14678787824691961901

18192 unlimited1921 the Ogre Mage (level 12, -3/128 HPs)
             Began as an Ogre Fire Elementalist on Mar 12, 2022.
             Was an Initiate of Yredelemnul.
             Slain by a skeletal warrior
             ... wielding a +0 glaive
             ... led by a skeletal warrior
              (24 damage)
             ... on level 12 of the Dungeon.
             The game lasted 02:02:23 (29319 turns).

unlimited1921 the Ogre Mage (OgFE)                 Turns: 29319, Time: 02:02:24

Health: -3/128     AC: 10    Str: 15    XL:     12   Next: 55%
Magic:  23/27      EV: 10    Int: 20    God:    Yredelemnul [......]
Gold:   515        SH:  5    Dex:  9    Spells: 23/34 levels left

rFire   + . .      SeeInvis .   r - +7 quarterstaff (vorpal)
rCold   . . .      Faith    .   (shield currently unavailable)
rNeg    . . .      Spirit   .   m - +2 robe {Archmagi}
rPois   .          Reflect  +   (helmet restricted)
rElec   .          Harm     .   x - +0 cloak
rCorr   .          Rampage  .   (gloves unavailable)
Will    +....      Archmagi +   (boots unavailable)
Stlth   ++........              k - amulet of reflection
HPRegen 0.31/turn               y - +4 ring of protection
MPRegen 0.20/turn               p - ring of protection from fire

@: no status effects
A: large, unfitting armour, tough skin 1
a: Renounce Religion, Recall Undead Harvest


You were on level 12 of the Dungeon.
You worshipped Yredelemnul.
Yredelemnul was noncommittal.
You visited 1 branch of the dungeon, and saw 12 of its levels.
You also visited: Sewer.

You collected 766 gold pieces.
You spent 251 gold pieces at shops.

Inventory:

Hand Weapons
 r - a +7 vorpal quarterstaff (weapon)
 E - a +1 spear of freezing
 J - a +2 vorpal battleaxe
 Q - a +0 double sword of flaming
 X - a +0 hand axe of electrocution
Missiles
 F - 20 poisoned darts
 H - 6 throwing nets
 K - 9 boomerangs
 R - a large rock (quivered)
Armour
 h - a +0 kite shield
 m - a +2 robe of the Archmagi (worn)
 x - a +0 cloak (worn)
 T - the +1 robe "Doacloru" {Int+3}
   (You found it on level 6 of the Dungeon)

   Int:       It affects your intelligence (+3).
Magical Staves
 C - a staff of fire
Jewellery
 c - a ring of protection from cold
 k - an amulet of reflection (around neck)
 n - a +6 ring of dexterity
 p - a ring of protection from fire (right hand)
 s - a ring of poison resistance
 v - a ring of willpower
 y - a +4 ring of protection (left hand)
 M - a ring of magical power
 W - a ring of flight
Wands
 g - a wand of paralysis (2)
 o - a wand of iceblast (14)
 A - a wand of polymorph (1)
 D - a wand of charming (6)
 L - a wand of flame (27)
Scrolls
 d - a scroll of silence
 l - 3 scrolls of teleportation
 q - 2 scrolls of vulnerability {unknown}
 w - 2 scrolls of summoning {unknown}
 G - 3 scrolls of fog
 N - 2 scrolls of torment {unknown}
 P - 2 scrolls of immolation
Potions
 a - 2 potions of resistance {unknown}
 b - 3 potions of haste {unknown}
 e - 2 potions of curing
 f - a potion of invisibility
 i - a potion of lignification {unknown}
 j - a potion of brilliance {unknown}
 t - 2 potions of cancellation {unknown}
 z - a potion of flight {unknown}
 B - 2 potions of mutation {unknown}
 U - a potion of might {unknown}
 V - 2 potions of ambrosia {unknown}
 Z - a potion of magic {unknown}
Miscellaneous
 I - a phantom mirror (inert)


   Skills:
 * Level 10.6 Fighting
 + Level 1.1 Long Blades
 + Level 0.2(3.6) Maces & Flails
 + Level 6.5 Staves
 * Level 1.4(3.7) Slings
 * Level 7.1(7.3) Throwing
 + Level 4.6 Dodging
 + Level 4.0 Stealth
 + Level 1.2 Shields
 * Level 11.8 Spellcasting
 + Level 5.2 Conjurations
 + Level 1.2 Hexes
 + Level 7.1 Fire Magic
 + Level 1.0 Evocations


You had 23 spell levels left.
You knew the following spells:

 Your Spells              Type           Power      Damage    Failure   Level
a - Foxfire               Conj/Fire      100%       2x1d9     1%          1
b - Scorch                Fire           100%       2d10      1%          2
c - Inner Flame           Hex/Fire       42%        N/A       3%          3
d - Flame Wave            Conj/Fire      53%        2d11      4%          4
e - Slow                  Hex            100%       N/A       3%          1

Your spell library contained the following spells:

 Spells                   Type           Power      Damage    Failure   Level
 Conjure Flame            Conj/Fire      53%        6-21      1%          3
 Animate Skeleton         Necr           34%        N/A       6%          1
 Apportation              Tloc           34%        N/A       6%          1
 Summon Small Mammal      Summ           68%        N/A       6%          1
 Confusing Touch          Hex            25%        N/A       11%         3
 Vampiric Draining        Necr           17%        2d7       17%         3
 Irradiate                Conj/Tmut      16%        3d19      50%         5
 Blade Hands              Tmut           8%         N/A       85%         5
 Dragon Form              Tmut           8%         N/A       100%        7


Dungeon Overview and Level Annotations

Branches:
Dungeon (12/15)            Temple (0/1) D:7            Lair (0/6) D:8
  Sewer (visited)
    Orc: D:9-12

Altars:
Yredelemnul

Shops:
D:4 (   D:5 !   D:6 (

Annotations:
D:12 Maurice


Innate Abilities, Weirdness & Mutations

You are too large for most types of armour.
You have tough skin. (AC +1)


Message History

The cyclops shouts!
The skeletal warrior completely misses you.
You hit the skeletal warrior but do no damage.
The skeletal warrior is moderately damaged.
The skeletal warrior hits you with a +0 glaive!
You barely miss the skeletal warrior.
The skeletal warrior is moderately damaged.
The skeletal warrior hits you with a +0 glaive!!
You hit the skeletal warrior.
The skeletal warrior is moderately damaged.
You block the skeletal warrior's attack.
You completely miss the skeletal warrior.
The skeletal warrior is moderately damaged.
The skeletal warrior hits you with a +0 glaive!
You barely miss the skeletal warrior.
The skeletal warrior is moderately damaged.
You block the skeletal warrior's attack.
You thump the skeletal warrior!
The skeletal warrior is heavily damaged.
The skeletal warrior hits you but does no damage.
The skeletal warrior hits you from afar with a +0 glaive!
The skeletal warrior is no longer more vulnerable to fire.
There is a stone staircase leading up here.
Casting: Scorch (safe; 1% risk of failure)
Confirm with . or Enter, or press ? or * to list all spells.
You feel a surge of power!
Flames lash the skeletal warrior.
The skeletal warrior is heavily damaged.
The skeletal warrior's fire resistance burns away.
The skeletal warrior barely misses you.
Throw: 2 large rocks
Press: ? - help, Q - select action, (/) - cycle Shift-Dir - straight line, f/p - skeletal warrior
Aim: a skeletal warrior, wielding a +0 glaive (heavily damaged, more vulnerable to fire, 64% to hit)
You throw a large rock.
The large rock hits the skeletal warrior.
The skeletal warrior is heavily damaged.
The skeletal warrior hits you from afar with a +0 glaive!! x2
* * * LOW HITPOINT WARNING * * *
The skeletal warrior hits you from afar with a +0 glaive!!
You die...
Your body rises from the dead as a mindless zombie.

............... ...#C#
.....##.....### #####.#
.....###...## ####.#
.....## #.#.. ..#.#
..#...## .#.## #.#.#
.#.....##.#.# ####.#.##
..........#.# #.z.z.(.#
.#.....####.# #.##.#..#
.##..)#####.####@##.#..#
.###.......#...........#
.# ########.####.##.##.#
## #.# #.##.##.#
#.####.......#
#.........####
###########


You could see a skeletal warrior (combustible).

Vanquished Creatures
  Josephine (D:11)
  A hydra (D:11)
  3 two-headed ogres
  Urug (D:11)
  A skeletal warrior (D:12)
  A spectral ugly thing (D:12)
  An ugly thing (D:12)
  A deep elf pyromancer (D:12)
  Joseph (D:7)
  A gargoyle (D:11)
  A spectral slime creature (D:12)
  Psyche (D:8)
  2 trolls (D:9)
  Grinder (D:3)
  6 slime creatures
  A centaur simulacrum (D:10)
  4 wraiths
  17 yaks
  A steam dragon (D:9)
  A warg (D:12)
  2 water moccasins
  2 acid dragons
  4 orc warriors
  A spectral yak (D:11)
  A sky beast (D:5)
  6 ogres
  6 centaurs
  2 kobold brigands (D:11)
  4 bullfrogs
  A scorpion (D:4)
  2 gnoll sergeants
  A wyvern zombie (D:8)
  A cane toad simulacrum (D:12)
  A spectral kobold (D:11)
  4 killer bees (D:7)
  A spectral acid dragon (D:12)
  13 wights
  A bullfrog zombie (D:5)
  2 bullfrog skeletons (D:5)
  8 centaur zombies
  2 jellies
  2 centaur skeletons
  4 gnoll shamans (D:11)
  3 orc priests
  2 iguanas (D:4)
  A scorpion zombie (D:5)
  2 orc wizards
  A spectral orc (D:12)
  A polar bear simulacrum (D:12)
  2 troll simulacra (D:12)
  2 spriggan simulacra (D:12)
  2 ogre zombies (D:11)
  A hound zombie (D:4)
  2 howler monkey zombies
  2 spectral gnolls (D:11)
  16 gnolls
  2 naga simulacra (D:12)
  9 adders
  2 white imps (D:10)
  An ufetubus (D:5)
  2 adder zombies (D:4)
  An adder skeleton (D:5)
  2 worms
  3 dart slugs
  24 orcs
  5 ball pythons
  7 endoplasms
  10 giant cockroaches
  A gnoll zombie (D:11)
  7 goblins
  6 hobgoblins
  4 jackals (D:1)
  3 kobolds
  5 quokkas
  3 training dummies (D:6)
  7 frilled lizards
  2 orc zombies
  A quokka zombie (D:4)
  4 rats
266 creatures vanquished.

Vanquished Creatures (collateral kills)
  Harold (D:7)
  A gargoyle (D:10)
  A hornet (D:8)
  2 yaks (D:8)
  An ice beast (D:10)
  A centaur zombie (D:9)
  A hound (D:6)
  A gnoll (D:10)
  A howler monkey zombie (D:7)
  A white imp (D:10)
  An ufetubus (D:6)
  2 orcs (D:7)
  A foxfire (D:11)
15 creatures vanquished.

Vanquished Creatures (others)
  A human zombie (D:8)
  5 yak zombies
  A bullfrog zombie (D:7)
  A centaur zombie (D:8)
  4 killer bee zombies (D:7)
  An ogre zombie (D:6)
  A spectral gnoll (D:11)
  3 gnoll zombies (D:10)
  2 dart slug zombies (D:5)
  A goblin zombie (D:12)
  9 orc zombies
  858 foxfires
  6 fungi (D:11)
  13 plants (D:11)
906 creatures vanquished.

Grand Total: 1187 creatures vanquished

Notes
Turn   | Place    | Note
-------+----------+-------------------------------------------
     0 | D:1      | unlimited1921 the Ogre Fire Elementalist began the quest
                  | for the Orb.
     0 | D:1      | Reached XP level 1. HP: 16/16 MP: 3/3
   480 | D:1      | Reached skill level 1 in Conjurations
   480 | D:1      | Reached XP level 2. HP: 26/26 MP: 2/5
   566 | D:1      | Reached skill level 1 in Fighting
  1272 | D:1      | Reached XP level 3. HP: 33/33 MP: 4/7
  1986 | D:2      | Reached skill level 3 in Spellcasting
  2266 | D:2      | Found a faded altar of an unknown god.
  2959 | D:3      | Reached XP level 4. HP: 41/41 MP: 2/8
  3240 | D:3      | Found a glowing drain.
  3258 | Sewer    | Entered a sewer
  4086 | Sewer    | Reached XP level 5. HP: 44/49 MP: 10/10
  4221 | Sewer    | Reached skill level 4 in Spellcasting
  4226 | Sewer    | Reached skill level 1 in Staves
  4226 | Sewer    | Reached XP level 6. HP: 51/59 MP: 6/12
  4510 | D:3      | Noticed Grinder
  4527 | D:3      | Killed Grinder
  4528 | D:3      | Reached XP level 7. HP: 49/67 MP: 1/14
  5253 | D:4      | Reached skill level 5 in Spellcasting
  7118 | D:4      | Found a basalt altar of Yredelemnul.
  7122 | D:4      | Became a worshipper of Yredelemnul the Dark
  7202 | D:4      | Found Mipietsuagh's Antique Weapon Boutique.
  7292 | D:5      | Entered Level 5 of the Dungeon
  7522 | D:5      | Reached XP level 8. HP: 71/78 MP: 16/16
  7763 | D:5      | Found Effawn's Distillery.
  7791 | D:5      | Bought a potion of curing for 36 gold pieces
  7791 | D:5      | Bought a potion of heal wounds for 60 gold pieces
  7791 | D:5      | Bought a potion of heal wounds for 60 gold pieces
  7791 | D:5      | Bought a potion of curing for 36 gold pieces
  8485 | D:5      | Reached skill level 6 in Spellcasting
  8886 | D:6      | Noticed a yak
  8886 | D:6      | Noticed a yak
  8886 | D:6      | Noticed a yak
  8886 | D:6      | Noticed a yak
  8886 | D:6      | Noticed a yak
  8897 | D:5      | Killed a yak
  8898 | D:5      | Reached skill level 5 in Fighting
  9202 | D:5      | Killed a yak
  9203 | D:5      | Reached * piety under Yredelemnul
  9490 | D:5      | Killed a yak
  9584 | D:5      | Killed a yak
  9585 | D:5      | Reached XP level 9. HP: 16/89 MP: 15/19
  9924 | D:6      | Reached skill level 7 in Spellcasting
 10197 | D:6      | Reached skill level 5 in Fire Magic
 10812 | D:6      | Found Vamev's Firing Range.
 10833 | D:6      | Bought 3 large rocks for 27 gold pieces
 10861 | D:6      | Bought 3 boomerangs for 19 gold pieces
 10861 | D:6      | Bought 2 boomerangs for 13 gold pieces
 11788 | D:6      | Identified the +1 robe "Doacloru" {Int+3}
 11886 | D:6      | Reached skill level 1 in Throwing
 12836 | D:7      | Found a staircase to the Ecumenical Temple.
 13009 | D:7      | Noticed Harold
 13027 | D:7      | Killed Harold
 13028 | D:7      | Reached skill level 8 in Spellcasting
 13028 | D:7      | Reached XP level 10. HP: 57/102 MP: 13/22
 13450 | D:7      | Noticed Joseph
 13464 | D:7      | Killed Joseph
 14161 | D:8      | Found a staircase to the Lair.
 15583 | D:8      | Noticed Psyche
 15591 | D:8      | Killed Psyche
 15927 | D:8      | Your ally Psyche died
 15949 | D:8      | Reached skill level 5 in Staves
 15949 | D:8      | Reached ** piety under Yredelemnul
 15956 | D:8      | Reached *** piety under Yredelemnul
 16967 | D:9      | Reached skill level 9 in Spellcasting
 17212 | D:9      | Reached skill level 5 in Throwing
 17347 | D:9      | Noticed a two-headed ogre
 17357 | D:9      | Killed a two-headed ogre
 17358 | D:9      | Reached XP level 11. HP: 75/113 MP: 21/24
 18304 | D:10     | Entered Level 10 of the Dungeon
 19624 | D:10     | Learned a level 2 spell: Scorch
 19629 | D:10     | Learned a level 3 spell: Inner Flame
 19634 | D:10     | Learned a level 4 spell: Flame Wave
 19636 | D:10     | Learned a level 1 spell: Slow
 19650 | D:10     | Reached skill level 10 in Spellcasting
 20742 | D:10     | Reached skill level 5 in Conjurations
 21204 | D:11     | Noticed Josephine
 23599 | D:11     | Killed Josephine
 23836 | D:11     | Noticed Urug
 23891 | D:11     | Noticed a two-headed ogre
 24306 | D:10     | Killed a two-headed ogre
 24733 | D:11     | Killed Urug
 24734 | D:11     | Reached XP level 12. HP: 56/126 MP: 2/26
 25134 | D:11     | Noticed a five-headed hydra
 25154 | D:11     | Killed a two-headed hydra
 25155 | D:11     | Reached skill level 10 in Fighting
 25155 | D:11     | Reached skill level 11 in Spellcasting
 25521 | D:11     | Reached skill level 1 in Long Blades
 27535 | D:11     | Reached skill level 1 in Shields
 28116 | D:12     | Reached skill level 1 in Slings
 28529 | D:12     | Noticed a two-headed ogre
 28544 | D:12     | Killed a two-headed ogre
 28545 | D:12     | Reached skill level 1 in Hexes
 28545 | D:12     | Reached skill level 1 in Evocations
 28550 | D:12     | Noticed Maurice
 28967 | D:12     | HP: 2/128 [skeletal warrior/+0 glaive[a skeletal warrior]
                  | (22)]
 29319 | D:12     | Slain by a skeletal warrior

Illustrated notes

Levels and vault maps discovered:
D:1:      lightli_arrival_windingriver, layout_basic
D:2:      layout_loops_ring, hellmonk_ecumenical_altar_run_dry
D:3:      layout_basic, portal_sewer_entry_f, uniq_grinder
D:4:      layout_basic, nicolae_yredelemnul_corpse_copse, serial_shops,
          kennysheep_little_box
D:5:      layout_basic, serial_shops, nicolae_square_shop
D:6:      layout_loops_corners, nicolae_shop_firing_range
D:7:      layout_gridville, minmay_temple_entry_tees,
          hangedman_decor_clover_reticule, dk_rats_in_the_wall, uniq_harold,
          uniq_joseph
D:8:      layout_basic, lair_entry_dummy, uniq_psyche
D:9:      layout_gridville
D:10:     layout_loops_ring, serial_ice, serial_ice_l, serial_ice_e,
          serial_ice_d, serial_ice_o
D:11:     kennysheep_seaside_town, layout_basic, uniq_josephine, uniq_urug
D:12:     layout_loops_ring, erik_orc_4, portal_ice_cave_entry_ice_simulacra,
          uniq_maurice

Skill      XL: |  1  2  3  4  5  6  7  8  9 10 11 12 |
---------------+-------------------------------------+-----
Conjurations   | 1 2 3 4 5 |  5.2
Fire Magic     | 3 4 5 6 7 |  7.1
Fighting       | 1 2 3 4 5 7 8 9 10 | 10.6
Dodging        | 2 3 4 |  4.6
Spellcasting   | 3 4 5 6 8 9 10 11 | 11.8
Staves         | 1 2 3 4 5 6 |  6.5
Stealth        | 2 3 4 |  4.0
Throwing       | 3 5 6 7 |  7.1
Long Blades    | 1 |  1.1
Shields        | 1 |  1.2
Slings         | 1 |  1.4
Hexes          | 1 |  1.2
Evocations     | 1 |  1.0
Maces & Flails | |  0.2

Action                   |  1- 3 |  4- 6 |  7- 9 | 10-12 || total
-------------------------+-------+-------+-------+-------++-------
Melee: Unarmed           |     7 |       |       |       ||     7
       Whip              |    11 |       |       |       ||    11
       Hand axe          |     5 |       |       |       ||     5
       Quarterstaff      |       |    27 |   130 |   179 ||   336
       Staff             |       |       |       |     9 ||     9
       Double sword      |       |       |       |     5 ||     5
Throw: Dart              |       |       |     1 |       ||     1
       Boomerang         |       |       |    42 |       ||    42
       Large rock        |       |       |     1 |    41 ||    42
 Cast: Foxfire           |    47 |    40 |   198 |   242 ||   527
       Scorch            |       |       |       |    58 ||    58
       Flame Wave        |       |       |       |    15 ||    15
       Inner Flame       |       |       |       |    44 ||    44
       Slow              |       |       |       |    13 ||    13
Evoke: Wand              |       |       |     3 |     9 ||    12
       Phantom mirror    |       |       |       |     1 ||     1
  Use: Scroll            |       |       |     8 |     8 ||    16
       Potion            |       |       |       |     9 ||     9
 Stab: Sleeping          |       |       |     2 |     1 ||     3
       Paralysed         |       |       |       |     5 ||     5
Armor: Robe              |     9 |     6 |    79 |    92 ||   186
Dodge: Dodged            |    16 |    27 |   125 |   154 ||   322
Block: Other             |       |       |       |    44 ||    44
       Reflection        |       |       |       |     1 ||     1
